 Dungeon Crawl Stone Soup version 0.17-a0-1769-g54adf96 (webtiles) character file.

161 Izanagi the Covert (level 5, -1/34 HPs)
             Began as a Vampire Assassin on Sept 7, 2015.
             Killed from afar by a starcursed mass (7 damage)
             ... with an accursed screaming
             ... on level 1 of the Abyss.
             The game lasted 00:17:31 (3587 turns).

Izanagi the Covert (Vampire Assassin)               Turns: 3587, Time: 00:17:31

Health: -1/34      AC:  0    Str:  5    XL:     5   Next: 18%
Magic:  5/5        EV: 19    Int: 14    God:
Gold:   234        SH:  0    Dex: 21    Spells: 0 memorised, 4 levels left

rFire  . . .     SeeInvis +     (weapon currently unavailable)
rCold  + + .     Clarity  .     (armour currently unavailable)
rNeg   + + +     SustAt   .     (shield currently unavailable)
rPois  +         Gourm    .     (helmet currently unavailable)
rElec  .         Spirit   .     (cloak currently unavailable)
rCorr  .         Warding  .     (gloves currently unavailable)
rMut   .         Stasis   .     (boots currently unavailable)
MR     .....                    (no amulet)
Stlth  +++++.....               (ring currently unavailable)
                                (ring currently unavailable)

@: bat-form, flying, regenerating slowly, very quick, not resistant to hostile
enchantments, quite stealthy
A: (fangs 0), see invisible, frail 1, (unbreathing)
a: End Transformation


You were on level 1 of the Abyss.
You were near bloodless.
You were in vampire-bat-form.
You visited 1 branch of the dungeon, and saw 4 of its levels.
You visited the Abyss 1 time.

You collected 234 gold pieces.

Inventory:

Hand weapons
 a - a +2 dagger (melded)
 b - a +0 blowgun
Missiles
 e - 27 poisoned needles
 f - 2 curare-tipped needles
Armour
 c - a +0 robe (melded)
 d - a +0 cloak (melded)
Jewellery
 m - a ring of stealth (melded)
 o - a ring of poison resistance (melded)
Magical devices
 g - a wand of enslavement (15)
Scrolls
 h - 3 scrolls of remove curse
 k - a scroll of fear
 q - a scroll of fog
 s - a scroll of magic mapping {unknown}
 u - a scroll of enchant weapon {unknown}
Potions
 i - a potion of agility {unknown}
 j - 6 potions of brilliance {unknown}
 p - a potion of curing
 t - a potion of flight {unknown}


   Skills:
 - Level 1.7 Fighting
 + Level 4.3 Short Blades
 - Level 1.5 Throwing
 - Level 1.1 Dodging
 + Level 8.2 Stealth


You had 4 spell levels left.
You didn't know any spells.

Dungeon Overview and Level Annotations

Branches:
Dungeon (4/15)
 Temple: D:4-7

Altars:
Gozag
Sif Muna
Yredelemnul

Annotations:
D:4 Sigmund


Innate Abilities, Weirdness & Mutations

You heal slowly.
((You have razor-sharp teeth.))
You have supernaturally acute eyesight.
((You can survive without breathing.))
You are frail (-10% HP).


Message History

A spatial vortex comes into view.
A large abomination comes into view.
Found a slice of pizza.
A starcursed mass comes into view.
The starcursed mass shrieks in your mind.
A starcursed mass splits.
A chorus of shrieks assaults your mind.
A starcursed mass splits.
Really attack barehanded? [Y]es or [N]o only, please.
Really attack barehanded?
Okay, then.
A chorus of shrieks assaults your mind. The starcursed mass engulfs you.
The starcursed mass engulfs you.
A starcursed mass splits.
A chorus of shrieks assaults your mind.
* * * LOW HITPOINT WARNING * * *
A starcursed mass splits.
A chorus of shrieks assaults your mind.
You die...

### #.######
#.##.#.###
#..XXX#b.#.##
#######......#
##.
#.X##.#.....
...#.#X# ##
###.
##.#...### # #
# X≈...## . #
.##.#. #
.#...#.#≈≈. #.
# # ...... ≈ ♣
#


You could see 2 starcursed masses.

Vanquished Creatures
  An orc wizard (D:4)
  5 adders
  2 oozes
  2 worms (D:2)
  5 giant geckos
  5 orcs (D:4)
  5 giant cockroaches
  4 goblins
  6 hobgoblins
  7 kobolds
  6 bats
  6 giant newts
  14 rats
  A spectral orc (D:3)
69 creatures vanquished.

Vanquished Creatures (others)
  2 starspawn tentacles (Abyss:1)
  9 starspawn tentacle segments (Abyss:1)
11 creatures vanquished.

Grand Total: 80 creatures vanquished

Notes
Turn   | Place    | Note
--------------------------------------------------------------
     0 | D:1      | Izanagi the Vampire Assassin began the quest for the Orb.
     0 | D:1      | Reached XP level 1. HP: 16/16 MP: 1/1
    94 | D:1      | Reached skill level 6 in Stealth
   167 | D:1      | Reached XP level 2. HP: 22/22 MP: 2/2
   799 | D:2      | Reached XP level 3. HP: 27/27 MP: 3/3
  1036 | D:2      | Reached skill level 7 in Stealth
  1321 | D:2      | Reached XP level 4. HP: 33/33 MP: 4/4
  1477 | D:2      | Found an opulent altar of Gozag.
  1477 | D:2      | Found a deep blue altar of Sif Muna.
  1664 | D:3      | Found a basalt altar of Yredelemnul.
  2271 | D:4      | Reached skill level 8 in Stealth
  2271 | D:4      | Reached XP level 5. HP: 18/38 MP: 5/5
  2608 | D:4      | Noticed Sigmund
  3064 | D:4      | Cast into the Abyss (orc)
  3086 | Abyss:1  | Found a roughly hewn altar of Beogh.
  3089 | Abyss:1  | Noticed a brown ugly thing
  3089 | Abyss:1  | Noticed a brown ugly thing
  3097 | Abyss:1  | Noticed a brown very ugly thing
  3167 | Abyss:1  | Noticed a neqoxec
  3169 | Abyss:1  | Noticed a small abomination
  3169 | Abyss:1  | Gained mutation: You are frail (-10% HP). [a neqoxec]
  3180 | Abyss:1  | Noticed a neqoxec
  3198 | Abyss:1  | Noticed a large abomination
  3199 | Abyss:1  | Noticed an ancient zyme
  3203 | Abyss:1  | Noticed a great orb of eyes
  3210 | Abyss:1  | Noticed a thrashing horror
  3218 | Abyss:1  | Noticed an ancient zyme
  3246 | Abyss:1  | Noticed a tentacled starspawn
  3252 | Abyss:1  | Noticed a tentacled starspawn
  3256 | Abyss:1  | Noticed a chaos spawn
  3267 | Abyss:1  | Noticed an eye of draining
  3275 | Abyss:1  | Noticed a large abomination
  3380 | Abyss:1  | Noticed a starcursed mass
  3408 | Abyss:1  | Noticed a lorocyproca
  3444 | Abyss:1  | Noticed a small abomination
  3453 | Abyss:1  | Noticed a wretched star
  3457 | Abyss:1  | Noticed an eye of draining
  3476 | Abyss:1  | Noticed an ancient zyme
  3483 | Abyss:1  | Noticed a large abomination
  3510 | Abyss:1  | Noticed a large abomination
  3513 | Abyss:1  | Noticed a spatial vortex
  3525 | Abyss:1  | Noticed a large abomination
  3547 | Abyss:1  | Noticed a starcursed mass
  3587 | Abyss:1  | Killed from afar by a starcursed mass

Vault maps used:
D:1:      scummos_arrival_forest, minivault_4
D:2:      gammafunk_temple_overflow_wave, minmay_crystal_water,
          minmay_rat_gold_closets
D:3:      yredelemnul_forgotten_temple_becter
D:4:      eino_tiny_chamber, uniq_sigmund

Action                   |  1- 3 |  4- 6 || total
-------------------------+-------+-------++-------
Melee: Dagger            |   111 |    73 ||   184
 Abil: Bat Form          |       |     2 ||     2
       End Transformatio |       |     1 ||     1
  Use: Scroll            |     3 |     3 ||     6
       Potion            |     2 |     2 ||     4
 Stab: Sleeping          |    21 |    11 ||    32
  Eat: Corpse            |       |     1 ||     1
